 Dungeon Crawl Stone Soup version 0.20.0-15-g7f486f2 (webtiles) character file.

79 Merkmirnix the Sneak (level 4, -1/33 HPs)
             Began as a Vampire Assassin on July 1, 2017.
             Slain by Terence
             ... wielding a +0 mace
              (8 damage)
             ... on level 3 of the Dungeon.
             The game lasted 00:14:45 (2464 turns).

Merkmirnix the Sneak (Vampire Assassin)             Turns: 2464, Time: 00:14:46

Health: -1/33      AC:  5    Str:  8 (10) XL:     4   Next: 16%
Magic:  4/4        EV: 12    Int: 10 (13) God:
Gold:   68         SH:  4    Dex: 15 (16) Spells: 3/3 levels left

rFire    . . .     SeeInvis +   a - +2 dagger
rCold    + . .     Gourm    .   (no shield)
rNeg     + + .     Faith    .   c - +0 robe
rPois    +         Spirit   .   (no helmet)
rElec    .         Reflect  +   d - +0 cloak
rCorr    .         Harm     .   B - +1 pair of gloves
MR       .....                  (no boots)
Stlth    +++++.....             y - +4 amulet of reflection
Regen    0.1/turn               (no ring)
MPRegen  0.1/turn               (no ring)

@: regenerating slowly
A: fangs 3, see invisible, unbreathing
a: Bat Form


You were on level 3 of the Dungeon.
You were very thirsty.

You visited 1 branch of the dungeon, and saw 3 of its levels.

You collected 68 gold pieces.

Inventory:

Hand Weapons
 a - a +2 dagger (weapon)
 b - a +0 blowgun
Missiles
 e - 8 poisoned needles
 f - 2 curare-tipped needles
Armour
 c - a +0 robe (worn)
 d - a +0 cloak (worn)
 q - a +0 pair of gloves
 B - a +1 pair of gloves (worn)
Jewellery
 y - a +4 amulet of reflection (around neck)
 A - an uncursed amulet of faith {unknown}
Wands
 z - a wand of lightning (8/15)
Scrolls
 k - 2 scrolls of identify {unknown}
 m - a scroll of immolation {unknown}
 p - 2 scrolls of teleportation {unknown}
 r - 2 scrolls of enchant weapon {unknown}
 s - a scroll of blinking {unknown}
 x - a scroll of noise {unknown}
Potions
 g - 5 potions of blood
 h - 4 potions of curing {unknown}
 j - a potion of agility {unknown}
 n - a potion of brilliance {unknown}
 o - a potion of lignification {unknown}
 t - a potion of mutation {unknown}
 v - a potion of degeneration
 C - a potion of haste {unknown}
Comestibles
 i - 2 bread rations
 w - a meat ration


   Skills:
 + Level 2.0 Fighting
 + Level 3.1 Short Blades
 + Level 1.7 Throwing
 + Level 1.5 Dodging
 + Level 7.5 Stealth


You had 3 spell levels left.
You didn't know any spells.

Dungeon Overview and Level Annotations

Branches:
Dungeon (3/15)

Altars:
Yredelemnul

Annotations:
D:3 Terence


Innate Abilities, Weirdness & Mutations

You heal slowly.
You have razor-sharp teeth.
You have supernaturally acute eyesight. (SInv)
You can survive without breathing.


Message History

The floor.
Press: ? - help, v - describe, . - travel The floor.
Press: ? - help, v - describe, . - travel The floor.
Press: ? - help, v - describe, . - travel The floor.
Press: ? - help, v - describe, . - travel The floor.
Press: ? - help, v - describe, . - travel The floor.
Press: ? - help, v - describe, . - travel
Here: Terence, wielding a mace and wearing a chain mail (moderately wounded)
The floor.
It was a potion of berserk rage.
You feel slightly irritated. Terence closely misses you.
You hit Terence but do no damage.
Terence is moderately wounded.
Terence hits you with a mace!
You die...

......[.#..##.....## .#
.........#.#.......#..#
.......#..(#.......#..#
.......#......._......#
.......###.#.......#..###
...........#.......#.... #
.....###.#.##.....##.>##...
###### #.#.####.####.....#
#.#......@@...#
#.####.#..##### #.. #.##.#
### . #.. #. ##.# # .# ..
=..


You could see Terence.

Vanquished Creatures
  Ijyb (D:3)
  2 worms
  3 dart slugs (D:1)
  A leopard gecko (D:1)
  A ball python (D:3)
  3 giant cockroaches
  3 goblins
  8 hobgoblins
  3 jackals (D:2)
  2 bats
  2 frilled lizards
  4 kobolds
  7 rats
40 creatures vanquished.

Notes
Turn   | Place    | Note
-------+----------+-------------------------------------------
     0 | D:1      | Merkmirnix the Vampire Assassin began the quest for the Orb.
     0 | D:1      | Reached XP level 1. HP: 16/16 MP: 1/1
    92 | D:1      | Reached skill level 6 in Stealth
   179 | D:1      | Reached XP level 2. HP: 22/22 MP: 2/2
   642 | D:1      | Reached skill level 7 in Stealth
   659 | D:1      | Reached XP level 3. HP: 13/27 MP: 3/3
  2317 | D:3      | Noticed Ijyb
  2326 | D:3      | Killed Ijyb
  2326 | D:3      | Reached XP level 4. HP: 32/33 MP: 4/4
  2418 | D:3      | Found a basalt altar of Yredelemnul.
  2442 | D:3      | Noticed Terence
  2464 | D:3      | Slain by Terence

Skill      XL: |  1  2  3 |
---------------+----------+-----
Stealth        | 6 7 |  7.5
Fighting       | 2 |  2.0
Short Blades   | 3 |  3.1
Throwing       | |  1.7
Dodging        | |  1.5

Action                   |  1- 3 |  4- 6 || total
-------------------------+-------+-------++-------
Melee: Dagger            |   108 |    17 ||   125
       Bite              |     6 |       ||     6
 Abil: End Transformatio |     1 |       ||     1
       Bat Form          |     1 |       ||     1
  Use: Potion            |     4 |     2 ||     6
 Stab: Sleeping          |    15 |     1 ||    16
       Distracted        |     1 |       ||     1
Armor: Robe              |    13 |     3 ||    16
Dodge: Dodged            |    38 |     3 ||    41
